 Dungeon Crawl Stone Soup version 0.29-a0-857-g9b1aa3ac5b (webtiles) character file.

Game seed: 17588659953467030142

9 nxtlvl the Ducker (level 2, 0/18 HPs)
             Began as a Deep Elf Monk on July 16, 2022.
             Slain by Grinder (8 damage)
             ... on level 4 of the Dungeon.
             The game lasted 00:01:55 (310 turns).

nxtlvl the Ducker (Deep Elf Monk)                    Turns: 310, Time: 00:01:56

Health: 0/18       AC:  2    Str:  8    XL:     2   Next: 6%
Magic:  4/4        EV: 13    Int: 14    God:
Gold:   46         SH:  0    Dex: 17    Spells: 1/1 levels left

rFire   . . .      SeeInvis .   a - +0 short sword
rCold   . . .      Faith    .   f - orb {light}
rNeg    . . .      Spirit   .   b - +0 robe
rPois   .          Reflect  .   (no helmet)
rElec   .          Harm     .   (no cloak)
rCorr   .          Rampage  .   (no gloves)
Will    .....                   (no boots)
Stlth   +.........              (no amulet)
HPRegen 0.06/turn               (no ring)
MPRegen 0.09/turn               (no ring)

@: brilliant, attractive, glowing
A: no striking features
a: no special abilities


You were on level 4 of the Dungeon.
You visited 1 branch of the dungeon, and saw 4 of its levels.

You collected 46 gold pieces.

Inventory:

Hand Weapons
 a - a +0 short sword (weapon)
Armour
 b - a +0 robe (worn)
 d - a +0 ring mail
 f - an orb of light (worn)
Scrolls
 h - 2 scrolls of teleportation {unknown}


   Skills:
 - Level 2.4 Fighting
 * Level 3.6 Short Blades
 - Level 3.6 Dodging
 - Level 2.4 Stealth


You had one spell level left.
You didn't know any spells.
Your spell library was empty.

Dungeon Overview and Level Annotations

Branches:
Dungeon (4/15)
 Temple: D:4-7

Altars:

Annotations:
D:4 1 runed translucent door, Crazy Yiuf, Grinder


Message History

You climb downwards.
Level annotation: 1 runed translucent door, Crazy Yiuf
There is a stone staircase leading up here.
Grinder comes into view.
Grinder shouts!
Grinder hits you!
You writhe in agony.
It was a potion of brilliance.
You feel clever all of a sudden. Grinder barely misses you.
It was a potion of attraction.
You feel attractive to monsters. Grinder barely misses you.
You are confused.
You feel invigorated. Grinder hits you but does no damage.
You are too confused!
You bump into the rock wall.
Grinder gestures at you.
You suddenly lose the ability to move!
Grinder hits you.
You writhe in agony.
Grinder hits you! Grinder gestures at you. Pain shoots through your body!
You can move again.
You barely miss Grinder.
Grinder blinks!
You are too confused!
You bump into the rock wall.
You feel less invigorated.
You feel less confused. Grinder is attracted toward you.
You hit Grinder.
Grinder is lightly wounded.
Grinder completely misses you.
You hit Grinder but do no damage.
Grinder is lightly wounded.
A hound comes into view.
Grinder hits you.
You writhe in agony.
The hound is attracted toward you.
The hound barks!
You hit Grinder but do no damage.
Grinder is lightly wounded.
Grinder hits you!
You die...

#<.#.##......# #.########
#..#.###.###.# #.# #..#.# #.#
#.###.##♣♣♣♣♣
#..#.###.###.....+..)♣)♣♣♣ ###
#......<.....##.......♣..♣#.))#
##.#.###.###.##......♣♣♣♣.+)..#
#... #..# #.###.+..♣♣ ♣♣#).)#
.. ...## #.######♣♣ ### ...#.
#..@.# ##.##. ####5# #. #. h# #
#. §# #. .# .§ .# ..


You could see Grinder and a hound.

Vanquished Creatures
  A dart slug (D:3)
  An endoplasm (D:1)
  2 jackals (D:1)
  A kobold (D:2)
  A quokka (D:1)
6 creatures vanquished.

Notes
Turn   | Place    | Note
-------+----------+-------------------------------------------
     0 | D:1      | nxtlvl the Deep Elf Monk began the quest for the Orb.
     0 | D:1      | Reached XP level 1. HP: 13/13 MP: 3/3
   193 | D:3      | Reached XP level 2. HP: 18/18 MP: 4/4
   262 | D:4      | Found a runed translucent door.
   263 | D:4      | Noticed Crazy Yiuf
   296 | D:4      | Noticed Grinder
   301 | D:4      | Paralysed by Grinder for 4 turns
   310 | D:4      | Slain by Grinder

Illustrated notes

Levels and vault maps discovered:
D:1:      lightli_arrival_statue_moat, layout_rooms
D:2:      layout_loops_ring, chequers_ecumenical_altar_simple_redux
D:3:      layout_basic, uniq_natasha
D:4:      layout_loops_ring, mainiacjoe_overflow_cross_hatched, uniq_pikel,
          uniq_grinder, uniq_crazy_yiuf_cottage, uniq_eustachio

Action                   || total
-------------------------++-------
Melee: Short sword       ||    22
  Use: Potion            ||     3
 Stab: Sleeping          ||     2
Armor: Robe              ||     1
Dodge: Dodged            ||    16

Table legend: (Time is in decaauts)
 A = Elapsed time spent in this place.
 B = Non-inter-level travel time spent in this place.
 C = Inter-level travel time spent in this place.
 D = Time resting spent in this place.
 E = Time spent auto-exploring this place.
 F = Levels seen in this place.
 G = Mean time per level.
                   A        B        C        D        E       F      G
               +--------+--------+--------+--------+--------+-----+--------+
         Total |    308 |    308 |      0 |      0 |     78 |   4 |   77.0 |
       Dungeon |    308 |    308 |      0 |      0 |     78 |   4 |   77.0 |
               +--------+--------+--------+--------+--------+-----+--------+

Top non-repeatable levels by time:
     D:4: 107 daAuts
     D:1: 100 daAuts
     D:2: 65 daAuts
     D:3: 34 daAuts
